 Dungeon Crawl Stone Soup version 0.32-a0-814-g0968bab981 (webtiles) character file.

Game seed: 4057698616531257453

70 gimp the Digger (level 4, 0/30 HPs)
             Began as a Barachi Earth Elementalist on Mar 23, 2024.
             Slain by a black bear (7 damage)
             ... on level 3 of the Dungeon.
             The game lasted 00:02:15 (1806 turns).

gimp the Digger (Barachi Earth Elementalist)        Turns: 1806, Time: 00:02:15

Health: 0/30       AC:  2    Str:  9    XL:     4   Next: 21%
Magic:  4/8        EV: 11    Int: 24    God:
Gold:   76         SH:  0    Dex: 16    Spells: 7/8 levels left

rFire   . . .        a - +0 dagger
rCold   + . .        (no shield)
rNeg    . . .        c - +0 robe
rPois   .            (no helmet)
rElec   .            (no cloak)
rCorr   .            (no gloves)
SInv    .            (no boots)
Will    .....        (no amulet)
Stlth   ++           n - ring "Yvehiyph" {rC+ Int+6 Dex+4}
HPRegen 0.25/turn    (no ring)
MPRegen 0.11/turn

%: no passive effects
@: slow
A: amphibious, slowness 1, strong legs 1, +LOS
a: Hop


You were on level 3 of the Dungeon.
You visited 1 branch of the dungeon, and saw 3 of its levels.

You collected 76 gold pieces.

Inventory:

Hand Weapons
 a - a +0 dagger (weapon)
Armour
 c - a +0 robe (worn)
Jewellery
 n - the ring "Yvehiyph" (left hand) {rC+ Int+6 Dex+4}
   (You found it on level 2 of the Dungeon)

   [ring of intelligence]

   Int+6:     It affects your intelligence (+6).
   Dex+4:     It affects your dexterity (+4).
   rC+:       It protects you from cold.
Scrolls
 d - 2 scrolls of identify {unknown}
 e - a scroll of amnesia {unknown}
 g - a scroll of enchant armour {unknown}
 j - a scroll of fear {unknown}
 k - 2 scrolls of immolation
 m - 2 scrolls of enchant weapon {unknown}
Potions
 b - a potion of magic
 f - a potion of lignification {unknown}
 h - a potion of cancellation {unknown}
 i - a potion of heal wounds {unknown}
 l - a potion of enlightenment {unknown}


   Skills:
 - Level 2.1 Dodging
 - Level 1.7 Stealth
 + Level 2.9 Spellcasting
 * Level 3.1 Conjurations
 + Level 3.5 Earth Magic


You had 7 spell levels left.
You knew the following spells:

 Your Spells              Type           Power      Damage    Failure   Level
a - Sandblast             Erth           40%        2d10      2%          1

Your spell library contained the following spells:

 Spells                   Type           Power      Damage    Failure   Level
 Passwall                 Erth           20%        N/A       8%          3
 Stone Arrow              Conj/Erth      38%        3d9       9%          3
 Apportation              Tloc           6%         N/A       11%         1
 Jinxbite                 Hex            6%         N/A       17%         2
 Brom's Barrelling Bould  Conj/Erth      19%        2d4       26%         4
 Animate Armour           Summ/Erth      24%        N/A       45%         4
 Petrify                  Alch/Erth      12%        N/A       45%         4
 Borgnjor's Vile Clutch   Necr/Erth      6%         N/A       82%         5
 Alistair's Intoxication  Alch           2%         N/A       97%         5


Dungeon Overview and Level Annotations

Branches:
Dungeon (3/15)

Altars:

Shops:
D:2 :


Innate Abilities, Weirdness & Mutations

You are amphibious.
You cover ground slowly.
You can hop short distances.
You have an extended range of vision and can be seen from far away.


Message History

Aiming: Sandblast (safe; 3% risk of failure)
Press: ? - help, Shift-Dir - straight line, f/p - bombardier beetle
Aim: a bombardier beetle (severely wounded, 89% to hit)
The blast of sand hits the bombardier beetle.
The bombardier beetle is almost dead.
The bombardier beetle sprays incendiary fluid at you.
The burning spray hits you.
You are covered in liquid fire!
You now have 5/7 mp.
You shake off some of the fire as you move.
The liquid fire burns you!
You take 5 damage, and have 19/24 hp.
MASSIVE DAMAGE!!
You shake off some of the fire as you move.
The liquid fire burns you!
You take 5 damage, and have 14/24 hp.
MASSIVE DAMAGE!!
You shake off the liquid fire.
Casting: Sandblast (safe; 3% risk of failure)
Confirm with . or Enter, or press ? or * to list all spells.
Aiming: Sandblast (safe; 3% risk of failure)
Press: ? - help, Shift-Dir - straight line, f/p - bombardier beetle
Aim: a bombardier beetle (almost dead, 89% to hit)
The blast of sand hits the bombardier beetle.
You kill the bombardier beetle!
Your Conjurations skill increases to level 3!
You have reached level 4!
You feel clever.
You regained 4 hp, and now have 19/30 hp.
You now have 5/8 mp.
HP restored.
You now have 59 gold pieces (gained 8).
You now have 76 gold pieces (gained 17).
Found a leather armour.
Health restored: 30; MP restored: 8 You open the door.
There is an open door here.
You open the door.
Found a stone staircase leading down.
There is an open door here.
A kobold comes into view. It is wielding a +0 club.
A kobold is nearby!
The kobold shouts!
Casting: Sandblast (safe; 2% risk of failure)
Confirm with . or Enter, or press ? or * to list all spells.
Aiming: Sandblast (safe; 2% risk of failure)
Press: ? - help, Shift-Dir - straight line, f - kobold
Aim: a kobold, wielding a +0 club (79% to hit)
The blast of sand hits the kobold!
You kill the kobold!
You now have 7/8 mp.
Casting: Sandblast (safe; 2% risk of failure)
Confirm with . or Enter, or press ? or * to list all spells.
You can't see any susceptible monsters within range! (Use Z to cast anyway.)
Found 6 stones.
MP restored: 8 A black bear comes into view.
The black bear growls angrily.
A black bear is nearby!
Found 2 scrolls labelled UBLIUGOYSS.
Casting: Sandblast (safe; 2% risk of failure)
Confirm with . or Enter, or press ? or * to list all spells.
Aiming: Sandblast (safe; 2% risk of failure)
Press: ? - help, Shift-Dir - straight line, f - black bear
Aim: a black bear (87% to hit)
The blast of sand hits the black bear!
The black bear is moderately wounded.
You now have 7/8 mp.
Adjust (i)tems, (s)pells, or (a)bilities?
Adjust which spell?
Okay, then.
Unknown command.
Casting: Sandblast (safe; 2% risk of failure)
Confirm with . or Enter, or press ? or * to list all spells.
Aiming: Sandblast (safe; 2% risk of failure)
Press: ? - help, Shift-Dir - straight line, f/p - black bear
Aim: a black bear (moderately wounded, 87% to hit)
The blast of sand hits the black bear!
The black bear is severely wounded.
The black bear bites you. The black bear closely misses you.
The black bear claws you.
You take 4 damage, and have 26/30 hp.
You now have 6/8 mp.
Casting: Sandblast (safe; 2% risk of failure)
Confirm with . or Enter, or press ? or * to list all spells.
Aiming: Sandblast (safe; 2% risk of failure)
Press: ? - help, Shift-Dir - straight line, f/p - black bear
Aim: a black bear (severely wounded, 87% to hit)
The blast of sand misses the black bear.
The black bear goes berserk!
The black bear bites you. The black bear claws you. The black bear misses you.
You take 9 damage, and have 17/30 hp.
MASSIVE DAMAGE!!
You now have 5/8 mp.
Casting: Sandblast (safe; 2% risk of failure)
Confirm with . or Enter, or press ? or * to list all spells.
Aiming: Sandblast (safe; 2% risk of failure)
Press: ? - help, Shift-Dir - straight line, f/p - black bear
Aim: a black bear (severely wounded, berserk, 87% to hit)
The blast of sand hits the black bear!
The black bear is almost dead.
The black bear bites you!
* * * LOW HITPOINT WARNING * * *
The black bear closely misses you. The black bear claws you!
You die...

#..#(. ?. #..#.# .# #..#.# #.#
#.^#.#.... #..#.#.#.#
#..#...#.# # #....###.#.####.
#>.....h........
##.#.#.@.#.### #.#.#.###
########'#.#.# ...........#..
. ...........###. ...
...........# .. ###.#.
.......[...##############.....
########'#.#..............##.
#.#.#.########.....#..


You could see a black bear (berserk).

Vanquished Creatures
  A bombardier beetle (D:3)
  An adder (D:2)
  4 ball pythons
  4 endoplasms
  4 giant cockroaches
  A hobgoblin (D:2)
  4 kobolds
  A bat (D:1)
  2 frilled lizards
  2 goblins (D:1)
  7 rats
31 creatures vanquished.

Notes
Turn   | Place    | Note
-------+----------+-------------------------------------------
     0 | D:1      | gimp the Barachi Earth Elementalist began the quest for the
                  | Orb.
     0 | D:1      | Reached XP level 1. HP: 13/13 MP: 3/3
   218 | D:1      | Reached XP level 2. HP: 19/19 MP: 3/5
   334 | D:1      | You fall into a shaft and drop 1 floor!
   404 | D:1      | Got the Tome of the Mountains
   894 | D:2      | Identified the +3 rapier "Fiuqel" {flame, Dex+3}
   928 | D:2      | Found a faded altar of an unknown god.
   940 | D:2      | Reached XP level 3. HP: 24/24 MP: 4/6
  1194 | D:2      | Identified the ring "Yvehiyph" {rC+ Int+6 Dex+4}
  1325 | D:2      | Found Utwew's Book Shoppe.
  1677 | D:3      | Reached XP level 4. HP: 19/30 MP: 5/8
  1801 | D:3      | Noticed a black bear
  1806 | D:3      | Slain by a black bear

Illustrated notes

Levels and vault maps discovered:
D:1:      minmay_arrival_arboretum_large, layout_basic
D:2:      layout_loops_ring, hellmonk_ecumenical_altar_blasted, serial_shops,
          nicolae_shop_peninsula, minmay_misc_feat_ornament
D:3:      layout_basic

Skill      XL: |  1  2  3 |
---------------+----------+-----
Conjurations   | 2 3 |  3.1
Dodging        | |  2.1
Stealth        | |  1.7
Spellcasting   | |  2.9
Earth Magic    | |  3.5

Action                     |  1- 3 |  4- 6 || total
---------------------------+-------+-------++-------
  Melee: Unarmed           |     7 |       ||     7
         Dagger            |     1 |       ||     1
   Cast: Sandblast         |    47 |     5 ||    52
 Armour: Robe              |    10 |     6 ||    16
  Dodge: Dodged            |    18 |     3 ||    21

Table legend: (Time is in decaauts)
 A = Elapsed time spent in this place.
 B = Non-inter-level travel time spent in this place.
 C = Inter-level travel time spent in this place.
 D = Time resting spent in this place.
 E = Time spent auto-exploring this place.
 F = Levels seen in this place.
 G = Mean time per level.
                   A        B        C        D        E       F      G
               +--------+--------+--------+--------+--------+-----+--------+
         Total |   2069 |   2009 |     60 |      0 |   1767 |   3 |  689.7 |
       Dungeon |   2069 |   2009 |     60 |      0 |   1767 |   3 |  689.7 |
               +--------+--------+--------+--------+--------+-----+--------+

Top non-repeatable levels by time:
     D:2: 910 daAuts
     D:1: 873 daAuts
     D:3: 285 daAuts
